[Event "*** SCC Grand Prix: Titled Tuesday Blitz"]
[Site "Chess.com"]
[Date "2020.07.21"]
[Round "8"]
[White "wonderfultime"]
[Black "BakaPG"]
[Result "1-0"]
[WhiteElo "2962"]
[BlackElo "2653"]
[TimeControl "180+1"]
[EndTime "11:37:33 PDT"]
[Termination "wonderfultime won on time"]

1. d4 d5 2. Nf3 Nf6 3. Bf4 c5 4. c3 Nc6 5. e3 Qb6 6. Qc2 Bf5 7. dxc5 Bxc2 8. cxb6 axb6 9. Na3 e5 10.
Nxc2 exf4 11. exf4 Bd6 12. g3 O-O 13. Bd3 Rfe8+ 14.
Kf1 Ne4 15. Kg2 Nc5 16. Bb5 Red8 17. Rhd1 Bf8 18. Ne3 Ne7 19. Nd4 g6 20. Be2 Na4 21. Rd2 Bg7 22. Nb5 Rd7 23. Rad1 Rad8 24. Bf3 Kf8 25.
Bg4 f5 26. Bf3 Bf6 27. Re1 Nc5 28. Nd4 Kf7 29. Nb3 Na4 30. Be2 Nxb2 31. Rxb2 Bxc3 32.
Reb1 Bxb2 33. Rxb2 Nc6 34. Bf3 Kf6 35. Rd2 d4 36.
Nc4 b5 37. Bxc6 bxc6 38. Ne5 Rd6 39. Kf3 Ra8 40. Ke2 d3+ 41. Nxd3 h6 42. Rc2 Re8+ 43.
Ne5 g5 44. Kf3 gxf4 45. gxf4 Ree6 46. Rc1 Re7 47. Rc2 Ra7 48. Nxc6 Rc7 49. Nb4 Rc4 50.
Rxc4 bxc4 51. Nc1 Rd1 52. Ne2 Rb1 53. Nd5+ Ke6 54. Ndc3 Ra1 55. Ke3 Kd6 56. Kd4 Rh1 57. Ng3 Rxh2 58. Nxf5+ Ke6 59. Ke4 Rxf2 60. Nxh6 Rc2 61. Kd4 Rf2 62. f5+ Ke7 63. Kxc4 Rf4+ 64. Kc5 Rh4 65. f6+ Kf8 66. Nd5 Rxh6 67. a4 Rh4 68. a5 Ra4 69. Kb5 Ra1 70. a6 Kf7 71.
Kb6 Ke6 72. f7 Kxf7 73. a7 Ra6+ 74. Kxa6 1-0

[Event "*** SCC Grand Prix: Titled Tuesday Blitz"]
[Site "Chess.com"]
[Date "2020.07.21"]
[Round "8"]
[White "Eternauta2400"]
[Black "sewin16"]
[Result "1/2-1/2"]
[WhiteElo "2548"]
[BlackElo "2387"]
[TimeControl "180+1"]
[EndTime "11:37:36 PDT"]
[Termination "Game drawn - timeout vs insufficient material"]

1. c4 e5 2. Nc3 Nf6 3. Nf3 Nc6 4. e4 Bb4 5. d3 O-O 6. Be2 d6 7. O-O Bc5 8. Nd2 a6 9. Nb3 Ba7 10. Nd5 Nxd5 11. cxd5 Nd4 12. Be3 Nxe2+ 13. Qxe2 Bxe3 14.
Qxe3 c5 15. dxc6 bxc6 16. Rac1 c5 17. Nd2 Be6 18. Nc4 a5 19. Qg3 f5 20. f4 exf4 21.
Rxf4 fxe4 22. Rxe4 Bf5 23. Rf4 d5 24. Ne3 Be6 25. Rxf8+ Qxf8 26. Qe5 Qf7 27. Rxc5 Rf8 28. Rc2 d4 29. Qxd4 Bxa2 30. h3 Bb3 31. Re2 a4 32. Kh2 Qc7+ 33. g3 Qe7 34. Rg2 Rd8 35. Qe4 Qxe4 36. dxe4 Re8 37. Rd2 Rxe4 38. Ng4 h5 39. Nf2 Re3 40. Kg2 Kh7 41. h4 Kg6 42.
Nh3 Re5 43. Nf4+ Kh6 44. Rd6+ Kh7 45. Nh3 Bd5+ 46. Kf2 Kg8 47. Ng5 Kf8 48. Rd7 Bb3 49.
Kf3 Rb5 50. Kf4 Rc5 51. Ne4 Rb5 52. Nc3 Rb4+ 53. Kg5 Rg4+ 54. Kxh5 Rxg3 55. Rd8+ Ke7 56. Rd5 Bxd5 57. Nxd5+ Kd6 58. Nb6 Ke6 59. Nxa4 Kf7 60. Nc5 Kg8 61. Ne4 Rg2 62. Ng5 Rxb2 63. Kg4 g6 64. Kf4 Rb4+ 65. Ne4 Kg7 66. Ke5 Kh6 67. Kf4 Kh5 68. Kf3 Kxh4 69. Nf2 g5 70. Kg2 Rb2 71.
Kf3 Rxf2+ 72. Kxf2 Kh3 73. Kg1 Kg3 74. Kh1 Kf2 75.
Kh2 g4 76. Kh1 Kf1 77. Kh2 Kf2 78. Kh1 Kf3 79. Kh2 g3+ 80. Kh1 1/2-1/2

[Event "*** SCC Grand Prix: Titled Tuesday Blitz"]
[Site "Chess.com"]
[Date "2020.07.21"]
[Round "8"]
[White "deep306"]
[Black "DenLaz"]
[Result "1-0"]
[WhiteElo "2601"]
[BlackElo "2699"]
[TimeControl "180+1"]
[EndTime "11:37:41 PDT"]
[Termination "deep306 won by resignation"]

1. e4 e5 2. Nf3 Nc6 3. Bc4 Bc5 4. c3 Nf6 5. d4 exd4 6. e5 d5 7. Bb5 Ne4 8. cxd4 Bb6 9. Nc3 O-O 10. Be3 Bg4 11.
h3 Bh5 12. Qc2 Bg6 13. Qb3 Ne7 14. O-O c6 15. Bd3 Nd2 16. Nxd2 Bxd3 17. Rfd1 Bf5 18. Na4 Be6 19. Nf1 Nf5 20. Rac1 f6 21. Nc5 Bxc5 22. Rxc5 Qe7 23. Rc3 fxe5 24. Ng3 Nxe3 25. Rxe3 e4 26. f3 exf3 27. Rxf3 Qh4 28. Re3 Rae8 29. Qxb7 Bxh3 30. Rxe8 Rxe8 31. Qxc6 Rd8 32. Qc7 Bc8 33. Qe5 h6 34. Rf1 Qg5 35. Qxg5 hxg5 36. Rc1 Bg4 37. Rc7 Rd7 38.
Rxd7 Bxd7 39. Nf1 Kf7 40. Ne3 Ke6 41. Kf2 a5 42. g3 Bb5 43. Ke1 Be8 44. Kd2 Bc6 45. Kc3 Bd7 46. b3 Kd6 47. b4 axb4+ 48. Kxb4 Kc6 49. a4 Be6 50. a5 g6 51. Ng2 Bg4 52.
Ne3 Be6 53. Nd1 Bg4 54. Nc3 Be6 55. Na4 Bc8 56. Nc5 Bg4 57. Nd3 Bf5 58. Ne5+ Kb7 59. Kc5 Ka6 60. Kxd5 Kxa5 61. Kc5 Ka6 62. Kc6 Ka5 63.
d5 Kb4 64. d6 Kc3 65. d7 Bxd7+ 66. Kxd7 Kd4 67. Ke6 Ke4 68. g4 Kf4 69. Kf6 Ke4 70. Kxg6 Kxe5 71. Kxg5 Ke6 72. Kg6 Ke7 73. Kg7 Kd6 74.
g5 Kc5 75. g6 Kc4 76. Kf6 Kd4 77. g7 Ke3 78. g8=Q Kf4 79. Qg6 Ke3 80. Qf5 Kd4 81.
Qe6 Kd3 82. Kf5 Kc3 83. Qd5 Kb2 84. Ke4 Kc2 85. Ke3 1-0

[Event "*** SCC Grand Prix: Titled Tuesday Blitz"]
[Site "Chess.com"]
[Date "2020.07.21"]
[Round "8"]
[White "PotapovaM"]
[Black "NikolaGry"]
[Result "0-1"]
[WhiteElo "2480"]
[BlackElo "2644"]
[TimeControl "180+1"]
[EndTime "11:37:44 PDT"]
[Termination "NikolaGry won by resignation"]

1. d4 d5 2. c4 Nc6 3. cxd5 Qxd5 4. e3 e5 5. Nc3 Bb4 6. Bd2 Bxc3 7. Bxc3 exd4 8. Nf3 Nf6 9. Nxd4 Bg4 10. Qb3 Nxd4 11. Qxd5 Nc2+ 12. Kd2 Nxd5 13. Kxc2 Nxc3 14. Kxc3 Ke7 15.
f3 Be6 16. Bc4 Rad8 17. Rad1 h5 18. h4 Rxd1 19. Rxd1 Bxc4 20. Kxc4 Rh6 21. b4 Rc6+ 22. Kb3 Rg6 23. Rd2 f6 24. b5 Rg3 25. a4 g5 26.
hxg5 fxg5 27. Rc2 Kd6 28. Rd2+ Ke6 29. a5 g4 30. Rf2 h4 31. Kb4 h3 32. gxh3 Rxf3 33. Rc2 gxh3 34. Rxc7 Rxe3 35. Rh7 Kf5 36. Kc5 Kg6 37. Rh8 Re5+ 38. Kd6 Rh5 39. Rg8+ Kf7 40. Rg1 Rxb5 41. Rh1 Rh5 42. Kc7 Rxa5 43. Rxh3 b6 44. Kc6 Kf6 45. Re3 Kf5 46. Re1 Rc5+ 47.
Kb7 Ra5 48. Kc6 Ra3 49. Kb5 Ra5+ 50. Kb4 Kf6 51. Re8 Re5 52. Ra8 Re7 53. Rd8 Ke6 54. Kb5 Rd7 55. Ra8 Kd6 56. Rc8 Rc7 57. Rd8+ Ke7 58.
Rd2 Rc5+ 59. Ka6 Ra5+ 60. Kb7 b5 61. Kc6 a6 62. Kc5 Ra4 63. Rd1 Ke6 64. Re1+ Kf5 65. Rd1 b4 66. Rd4 a5 67. Kb5 Ra3 68. Kc4 b3 69.
Kc3 a4 70. Rd2 Ke5 71. Rd1 Ra2 72. Rd8 b2 73. Kc2 a3 74. Rb8 Ra1 75. Rb5+ Kd6 76. Rb8 Kc7 77. Rb3 Rc1+ 78. Kd2 b1=Q 79. Rxb1 Rxb1 80. Kc2 a2 81. Kc3 a1=Q+ 82. Kd3 Qa4 83. Kc3 Rb3+ 0-1

[Event "*** SCC Grand Prix: Titled Tuesday Blitz"]
[Site "Chess.com"]
[Date "2020.07.21"]
[Round "8"]
[White "Rodalquilar"]
[Black "Bigfish1995"]
[Result "1/2-1/2"]
[WhiteElo "2665"]
[BlackElo "3001"]
[TimeControl "180+1"]
[EndTime "11:37:47 PDT"]
[Termination "Game drawn by stalemate"]

1. d4 Nf6 2. Bf4 c5 3. e3 Qb6 4.
Nc3 d6 5. Rb1 g6 6. dxc5 Qxc5 7.
Nf3 Bg7 8. Be2 O-O 9. O-O Bd7 10.
e4 Nc6 11. h3 Rac8 12. Re1 Rfd8 13. a3 Qa5 14. Bf1 Be6 15. Ng5 Bd7 16. Bc4 Ne5 17. Bb3 h6 18. Bxe5 hxg5 19. Bd4 e6 20. e5 Ne8 21. exd6 Bc6 22. Bxg7 Nxg7 23. Qd4 Nf5 24. Qf6 Rxd6 25. Bxe6 fxe6 26. Rxe6 Rd7 27. Qxg5 Rg7 28. Rxg6 Qe5 29. Rxg7+ Qxg7 30. Qxg7+ Kxg7 31. Re1 Nd4 32. Rc1 Kf6 33. f3 b5 34. Kf2 a5 35. Ke3 Nf5+ 36. Kf4 Bb7 37. g4 Rc4+ 38. Ne4+ Bxe4 39. fxe4 Nd4 40.
Rf1 Nxc2 41. g5+ Kg6 42. h4 Nd4 43. Rh1 Ne6+ 44. Ke5 Ng7 45. h5+ Nxh5 46. Rg1 Ng7 47. Kd5 Ne8 48. e5 Nc7+ 49. Kd6 Kf7 50. g6+ Kg7 51.
e6 Ne8+ 52. Kd7 Nf6+ 53. Kd6 Rc2 54. b4 a4 55. e7 Rd2+ 56. Kc5 Rd5+ 57. Kc6 Re5 58.
Rd1 Kxg6 59. Rc1 Kf7 60. Rc5 Re3 61. Kxb5 Rxa3 62. Rc7 Ra1 63. Ra7 a3 64. Ka4 Ne4 65. Kb3 Nd2+ 66. Kc2 Nc4 67. Kb3 Rc1 68. b5 Nd6 69.
Rxa3 Nxb5 70. Ra5 Nd4+ 71. Kb2 Rc2+ 72. Kb1 Re2 73. Ra7 Nc6 74. Rc7 Nxe7 75. Rc2 Re3 76. Rf2+ Ke6 77. Kc1 Nd5 78. Kd1 Ra3 79. Re2+ Kf5 80.
Rh2 Nc3+ 81. Kc1 Ra1+ 82. Kb2 Ra2+ 83. Kc1 Rxh2 1/2-1/2

[Event "*** SCC Grand Prix: Titled Tuesday Blitz"]
[Site "Chess.com"]
[Date "2020.07.21"]
[Round "8"]
[White "Speshka"]
[Black "pfalcon1949"]
[Result "1-0"]
[WhiteElo "2224"]
[BlackElo "2007"]
[TimeControl "180+1"]
[EndTime "11:37:49 PDT"]
[Termination "Speshka won by checkmate"]

1. e4 e6 2. Nf3 d5 3. e5 c5 4.
b4 cxb4 5. a3 Nc6 6. axb4 Bxb4 7. c3 Ba5 8. Bb5 Bd7 9. Qa4 Bc7 10. Qg4 Kf8 11. Bxc6 Bxc6 12. d4 h6 13. O-O Ne7 14. Ba3 Kg8 15. Nh4 Kh7 16. f4 Bd7 17. Qf3 Ng6 18.
Nxg6 fxg6 19. Nd2 Qe8 20. Qg4 Qf7 21. c4 Bc6 22. cxd5 Bxd5 23. Rac1 Bb6 24. Bc5 Rhc8 25. Bxb6 axb6 26. Qe2 Qd7 27. Ne4 Ra2 28. Qd3 Rxc1 29. Rxc1 Qa4 30. Kh1 Ra1 31. Rg1 Ra3 32. Qb1 Qxd4 33.
Nd6 Ra2 34. f5 gxf5 35. Nxf5 Be4 36. Nxd4 Bxb1 37. Rxb1 Rd2 38. Nxe6 Re2 39. h4 Rxe5 40. Rxb6 Re1+ 41. Kh2 Re4 42. Kh3 Re3+ 43. g3 Re1 44. Nf4 Re4 45. Kg4 Re7 46. Kf5 Rf7+ 47. Ke6 Rc7 48. Kd6 Rf7 49. Ke5 Re7+ 50. Kf5 Rc7 51. Nd5 Rc5 52. Ke4 Rc4+ 53. Kd3 Rg4 54. Rxb7 Rxg3+ 55. Ke2 Rg4 56. Nf6+ Kg6 57. Nxg4 Kh5 58. Kf3 g6 59. Rg7 g5 60. hxg5 hxg5 61. Rh7+ Kg6 62. Rh6+ Kg7 63. Ke4 Kf7 64. Kf5 Kg7 65. Kxg5 Kf7 66.
Ra6 Ke7 67. Kf5 Kd7 68. Ke5 Kc7 69. Kd5 Kb7 70. Rh6 Kc7 71. Kc5 Kd7 72. Kd5 Ke7 73. Ke5 Kf7 74. Ra6 Kg7 75. Kf5 Kf7 76. Ra7+ Ke8 77.
Ke6 Kd8 78. Rh7 Kc8 79. Kd6 Kb8 80. Kc6 Ka8 81. Kb6 Kb8 82. Rh8# 1-0

[Event "*** SCC Grand Prix: Titled Tuesday Blitz"]
[Site "Chess.com"]
[Date "2020.07.21"]
[Round "8"]
[White "pavelalexandru07"]
[Black "novocane"]
[Result "0-1"]
[WhiteElo "2128"]
[BlackElo "2267"]
[TimeControl "180+1"]
[EndTime "11:37:50 PDT"]
[Termination "novocane won by checkmate"]

1. e4 c5 2. Nf3 Nc6 3. d4 cxd4 4. Nxd4 e5 5. Nb5 d6 6. N1c3 a6 7. Na3 Be7 8. Nd5 Nf6 9. Nxf6+ Bxf6 10. c3 O-O 11.
Nc2 Be6 12. Ne3 Ne7 13. c4 b5 14. Nd5 Nxd5 15. cxd5 Bd7 16. Bd3 Bg5 17. O-O Rc8 18.
Bd2 Bxd2 19. Qxd2 Qb6 20. Rfc1 f5 21. Rxc8 Rxc8 22. exf5 Qd4 23. f6 gxf6 24. Qe2 f5 25. Rd1 e4 26. Bb1 Qe5 27. f3 exf3 28. Qxf3 Re8 29.
Rf1 Qe3+ 30. Qxe3 Rxe3 31. Bxf5 Bxf5 32. Rxf5 Rd3 33. h4 Rd2 34. Rf2 Rxd5 35. Rc2 a5 36. Kh2 a4 37. g3 h5 38. Kh3 Kg7 39. Rc7+ Kf6 40. Rc2 Ke5 41. Re2+ Kf6 42. Rf2+ Ke6 43. Re2+ Kd7 44. Rc2 Rd3 45. Re2 Kc6 46. Rc2+ Kd5 47.
Kg2 Kd4 48. Re2 d5 49. Rc2 Ke3 50. Kh3 d4 51. Rc5 Rd2 52. Rxh5 Rxb2 53. Re5+ Kf3 54. h5 Rb1 55. Rf5+ Ke4 56. Kg4 d3 57. h6 Rh1 58.
Rh5 Rxh5 59. Kxh5 d2 60. h7 d1=Q+ 61. Kg6 Qd6+ 62. Kg7 Qe7+ 63. Kg6 Qe8+ 64. Kg7 Qe7+ 65. Kg6 Qf8 66. g4 Qh8 67. g5 b4 68. Kh6 Kf5 69.
g6 Kf6 70. Kh5 b3 71. Kh6 bxa2 72. Kh5 a1=Q 73. g7 Qxg7 74. Kh4 Qh1# 0-1

[Event "*** SCC Grand Prix: Titled Tuesday Blitz"]
[Site "Chess.com"]
[Date "2020.07.21"]
[Round "8"]
[White "Iskusnyh"]
[Black "XDPS"]
[Result "1/2-1/2"]
[WhiteElo "2494"]
[BlackElo "2707"]
[TimeControl "180+1"]
[EndTime "11:37:52 PDT"]
[Termination "Game drawn by repetition"]

1. d4 d5 2. c4 c6 3. Nf3 Nf6 4. e3 e6 5. Bd3 Nbd7 6. b3 b6 7. Bb2 Bb7 8. O-O Be7 9. Nc3 O-O 10. Qe2 Rc8 11. Rfd1 Qc7 12. Rac1 Qb8 13. e4 dxe4 14. Nxe4 Rfe8 15. Nxf6+ Bxf6 16. Ne5 Nxe5 17. dxe5 Be7 18. Be4 c5 19. Rd7 Bxe4 20. Qxe4 Rcd8 21. Rcd1 Rxd7 22. Rxd7 Rd8 23. Qc6 Rxd7 24. Qxd7 Bf8 25. g3 g6 26. h4 Bg7 27. a4 h5 28. Bc3 Qa8 29. Qd3 Qb8 30.
Qd7 Qa8 31. Qd3 Qb7 32. Qd8+ Kh7 33. Qd3 Qc7 34. Qe4 Qd7 35. Qe2 Bh6 36. Kg2 Kg8 37. Qf3 Bg7 38. Qa8+ Kh7 39. Qf3 Bh6 40. Qe2 Kg7 41. Qf3 Kg8 42. Qa8+ Bf8 43. Qf3 Be7 44. Qa8+ Kg7 45. Qf3 Bd8 46. Qe4 Qd1 47. Qf3 Qxb3 48.
Qd3 Be7 49. a5 Qa4 50. axb6 axb6 51. Qe4 Qd7 52. Be1 b5 53. cxb5 Qxb5 54. Bd2 Qd7 55. Be3 Qc7 56. Qc4 Qc6+ 57. Kh2 Qc7 58. Bf4 Kg8 59.
Kg1 Bf8 60. Kh2 Qd7 61. Kg1 Qc6 62. Kh2 Be7 63. Be3 Kf8 64. Bh6+ Ke8 65. Be3 Qd5 66. Qb5+ Qd7 67. Qb8+ Qd8 68. Qb5+ Qd7 69. Qb8+ Bd8 70. Bg5 Qc7 71. Qb5+ Kf8 72. Bxd8 Qxd8 73. Qxc5+ Kg7 74. Qe3 Qa5 75. Qf4 Kg8 76. Qf6 Qd5 77. Qf4 Qd3 78.
Qf6 Qe2 79. Qd8+ Kh7 80. Qf6 Kg8 81. Qd8+ Kg7 82. Qf6+ Kg8 1/2-1/2

[Event "*** SCC Grand Prix: Titled Tuesday Blitz"]
[Site "Chess.com"]
[Date "2020.07.21"]
[Round "8"]
[White "Bayernbk"]
[Black "RobertoJBM"]
[Result "1/2-1/2"]
[WhiteElo "2524"]
[BlackElo "2650"]
[TimeControl "180+1"]
[EndTime "11:38:02 PDT"]
[Termination "Game drawn by repetition"]

1. e4 c6 2. Nf3 d5 3. exd5 cxd5 4. Ne5 Nf6 5. d4 g6 6. Bd3 Bg7 7. O-O O-O 8. c3 Nc6 9. Qe2 e6 10. Nd2 Nxe5 11. dxe5 Nd7 12. f4 b6 13. Nf3 Nc5 14.
Nd4 Nxd3 15. Qxd3 Bd7 16. Be3 Qc7 17. Rfd1 Rac8 18. Kf2 Qb7 19. Nb5 Bxb5 20. Qxb5 Rc4 21. Rd4 Rfc8 22. Rad1 R4c7 23. Qe2 h5 24. g4 hxg4 25.
Qxg4 Rc4 26. h4 Rxd4 27. Bxd4 Qa6 28. a3 Kf8 29. h5 gxh5 30. Qxh5 Qb5 31. Qe2 Qxe2+ 32.
Kxe2 Ke7 33. Rh1 Rh8 34. Rxh8 Bxh8 35. Kf3 Bg7 36. Kg4 Bh6 37. b3 Kd7 38. a4 Kc6 39. f5 Kd7 40. Kh5 Bd2 41. Kg4 Kc6 42.
c4 dxc4 43. bxc4 a6 44. fxe6 fxe6 45. Kh5 b5 46. axb5+ axb5 47. cxb5+ Kxb5 48. Kg6 Kc4 49. Bb2 Kd5 50. Kh5 Bf4 51. Kg4 Bxe5 52. Bc1 Ke4 53. Ba3 Bd4 54. Bd6 Be5 55. Ba3 Bf4 56. Bb4 Be3 57.
Bd6 Kd5 58. Ba3 Bc5 59. Bb2 Bd4 60. Ba3 e5 61. Kf3 e4+ 62. Ke2 Kc4 63. Bc1 Bc5 64.
Be3 Bb4 65. Bd2 Bd6 66. Be3 Kd5 67. Bd2 Be5 68. Be3 Bf6 69. Bd2 Bh4 70. Be3 Ke5 71.
Bd2 Kd4 72. Be3+ Kd5 73. Bd2 Bd8 74. Be3 Ba5 75. Bd2 Bb6 76. Be3 Bc7 77. Bd2 Ke5 78.
Be3 Ba5 79. Bd2 Bb6 80. Be3 Bd8 81. Bd2 Kf5 82. Be3 Be7 83. Bd2 Bd6 84. Be3 Bb4 85.
Bd2 Bf8 86. Be3 Bg7 87. Bd2 Kg4 88. Ke3 Kf5 89. Ke2 Bf6 90. Be3 Bh4 91. Bd2 Bg3 92.
Be3 Bh2 93. Bd2 Ke5 94. Be3 Kd5 95. Bd2 Bg1 96. Be3 Bh2 97. Bd2 Bc7 98. Be3 Bb8 99.
Bd2 Be5 100. Be3 Bc3 101. Bd2 Bb2 102. Be3 Ba3 103. Bd2 Bd6 104. Be3 Ke6 105. Bd2 Kf5 106. Be3 Bg3 107. Bd2 Bf4 108. Bxf4 Kxf4 109. Kf2 Kg4 110. Ke3 Kf5 111. Ke2 Ke6 112. Ke3 Ke5 113. Ke2 Kd4 114. Kd2 Kc5 115. Ke3 Kd5 116. Ke2 Ke5 117. Ke3 Kf5 118. Ke2 Kf4 119. Kf2 e3+ 120. Ke2 Ke4 121. Ke1 Ke5 122. Ke2 Kd4 123. Ke1 Kd5 124. Ke2 Ke4 125. Ke1 Kf3 126. Kf1 Kg3 127. Ke2 Kf4 128. Ke1 Kf5 129. Ke2 Ke4 1/2-1/2

[Event "*** SCC Grand Prix: Titled Tuesday Blitz"]
[Site "Chess.com"]
[Date "2020.07.21"]
[Round "8"]
[White "MNyuyu"]
[Black "Schack-Hugo"]
[Result "0-1"]
[WhiteElo "2409"]
[BlackElo "2207"]
[TimeControl "180+1"]
[EndTime "11:38:04 PDT"]
[Termination "Schack-Hugo won on time"]

1. d4 c6 2. Nf3 d5 3. Bf4 Nf6 4. e3 g6 5. c4 Bg7 6. Nc3 O-O 7. Be2 e6 8. h3 Nbd7 9. O-O b6 10. Ne5 Bb7 11.
cxd5 exd5 12. Rc1 Re8 13. Bf3 Nxe5 14. Bxe5 Qd7 15. Qa4 Re7 16. Rfd1 h6 17. b4 b5 18. Qb3 Ne8 19. Bg3 Nd6 20. a4 a6 21. axb5 axb5 22.
Ra1 Ree8 23. Bxd6 Qxd6 24. Ne2 Bf8 25. Rab1 Ra4 26. Nf4 Rxb4 27. Qc2 Rxb1 28. Rxb1 Ra8 29. Nd3 Qa3 30. Ne5 Qd6 31. Rc1 Rc8 32. Nd3 Rc7 33. Nc5 Bc8 34. e4 dxe4 35. Nxe4 Qxd4 36. Rd1 Qg7 37. Rd8 Bf5 38. Qc5 Bxe4 39. Bxe4 Rd7 40.
Qb6 Rxd8 41. Qxd8 Qa1+ 42. Kh2 Qe5+ 43. g3 Qxe4 44. Qc8 Qd5 45. Kg1 b4 46. h4 b3 47. Qb8 Qc4 48. h5 Qc2 49. hxg6 b2 50.
gxf7+ Kxf7 51. Qf4+ Ke8 52. Qe5+ Be7 53. Qb8+ Kd7 54.
Qb7+ Ke6 55. Qc8+ Kd5 56. Qd7+ Bd6 57. Qf7+ Kc5 58. Qa7+ Kb4 59. Qb6+ Kc3 60. Qxc6+ Kd2 61. Qxd6+ Qd3 62. Qxh6+ Kc2 63. Qc6+ Qc3 64. Qe4+ Kc1 65.
Qf4+ Qd2 66. Qc4+ Kd1 67. Qb3+ Ke2 68. Qb5+ Kd1 69. Qb3+ Kc1 70. Qc4+ Qc2 71. Qf4+ Kb1 72. Kg2 Ka1 73. Qd4 Qc6+ 74. Kh2 Qc2 75. Kg2 Qc6+ 76. Kh2 Qa6 77. Qc3 Ka2 78. Qc2 Qh6+ 79. Kg2 Qb6 80. Kh2 Qb3 81. Qd2 Ka1 82. Qd4 Ka2 83. Qd2 Ka3 84.
Qa5+ Qa4 85. Qc3+ Ka2 86. Qd2 Qc4 0-1

[Event "*** SCC Grand Prix: Titled Tuesday Blitz"]
[Site "Chess.com"]
[Date "2020.07.21"]
[Round "8"]
[White "ENEASZ"]
[Black "kleopl"]
[Result "1-0"]
[WhiteElo "2599"]
[BlackElo "2426"]
[TimeControl "180+1"]
[EndTime "11:38:15 PDT"]
[Termination "ENEASZ won by checkmate"]

1. e4 d5 2. exd5 Qxd5 3. Nc3 Qd6 4. d4 Nf6 5. Nf3 c6 6. Ne5 Nbd7 7. Nc4 Qc7 8. g3 Nb6 9. Bf4 Qd8 10. Nxb6 Qxb6 11.
Rb1 Bg4 12. f3 Bf5 13. Bc4 e6 14. O-O Rd8 15. Be3 Qc7 16. Qe2 Be7 17. Rbd1 O-O 18. g4 Bg6 19. f4 Qc8 20. Qg2 Nd5 21. Bd2 Bxc2 22. Rc1 Nb4 23. Ne2 Bd3 24. Bxb4 Bxe2 25. Bxe7 Bxf1 26. Bxf1 Rxd4 27. Bxf8 Qxf8 28. f5 Qb4 29. h3 Rd2 30. Qf3 Qd4+ 31. Kh1 Qxb2 32. fxe6 fxe6 33. Re1 Qxa2 34. Bg2 h6 35. h4 a5 36. g5 hxg5 37. hxg5 Qc2 38. Rxe6 Qb1+ 39. Kh2 Qh7+ 40. Qh3 Qxh3+ 41. Kxh3 a4 42. g6 Kf8 43. Re4 Rd6 44. Rxa4 Rxg6 45. Ra7 b5 46. Rc7 b4 47.
Bxc6 Rf6 48. Bd5 Rd6 49. Bc4 g6 50. Kg4 Rd4+ 51. Kg5 Rd6 52. Rb7 Rc6 53. Rxb4 Ke7 54. Bd3 Kd6 55. Bxg6 Kc5 56. Re4 Rd6 57. Re2 Rd5+ 58.
Bf5 Rd4 59. Kf6 Kd5 60. Be6+ Kc5 61. Re1 Kd6 62. Rc1 Rf4+ 63. Bf5 Rd4 64. Rc8 Kd5 65. Rg8 Kc5 66. Ke5 Rd5+ 67. Ke4 Rd4+ 68. Ke3 Rd6 69. Be4 Re6 70. Rc8+ Kd6 71. Rc2 Re5 72. Kd4 Ra5 73. Rc6+ Kd7 74. Rh6 Ra4+ 75. Ke5 Ra5+ 76. Bd5 Kc7 77.
Rh7+ Kb6 78. Rb7+ Kc5 79. Rb1 Ra4 80. Rc1+ Kb6 81. Kd6 Rb4 82. Rc8 Ka5 83. Kc5 Rb5+ 84. Kd4 Rb4+ 85. Bc4 Kb6 86. Rb8+ Ka5 87. Rg8 Kb6 88.
Kd5 Ka5 89. Ra8+ Kb6 90. Rb8+ Ka5 91. Rg8 Kb6 92. Rg7 Ka5 93. Bd3 Kb6 94. Rg6+ Ka5 95. Ra6# 1-0

[Event "*** SCC Grand Prix: Titled Tuesday Blitz"]
[Site "Chess.com"]
[Date "2020.07.21"]
[Round "8"]
[White "ketster"]
[Black "vovachesss"]
[Result "1/2-1/2"]
[WhiteElo "2363"]
[BlackElo "2575"]
[TimeControl "180+1"]
[EndTime "11:38:59 PDT"]
[Termination "Game drawn - insufficient material"]

1. d4 e5 2. dxe5 Nc6 3. Nf3 Qe7 4. g3 Nxe5 5. Nxe5 Qxe5 6. Bg2 Nf6 7. O-O Be7 8. Nc3 O-O 9. Bf4 Qc5 10. e4 d6 11. Be3 Qb4 12. Rb1 Be6 13. a3 Qa5 14. h3 Rad8 15. Nd5 Nxd5 16. exd5 Bf5 17. Qe2 Bf6 18. Qc4 Rfe8 19. Qb3 b6 20. Rbd1 Be4 21. Rfe1 Bxg2 22. Kxg2 h5 23. c4 Qa6 24. h4 Re4 25. Rc1 Rde8 26. f3 R4e7 27. Bf2 Qc8 28. Qc2 g6 29. b3 Qd7 30. Qd2 Qf5 31. a4 a5 32.
Rxe7 Rxe7 33. Re1 Rxe1 34. Bxe1 Qb1 35. Qe3 Qc2+ 36. Bf2 Bc3 37. Kh3 Qxb3 38. Be1 Qd1 39. Qxc3 f6 40. Qd2 Qxa4 41. Qe2 Qd7+ 42. g4 Kf7 43.
Bc3 hxg4+ 44. fxg4 f5 45. Qf3 a4 46. gxf5 gxf5 47. Kg3 Kg6 48. Qf4 Qe7 49. Qf3 a3 50.
Kh3 a2 51. Qg3+ Kh7 52. Qf3 Qf7 53. Qg3 f4 54. Qd3+ Kh6 55. Qf3 Qf5+ 56. Kg2 Qc2+ 57. Kh3 Qf5+ 58. Kg2 Qc2+ 59. Kh3 Kg6 60. Kg4 Kf7 61.
Kxf4 Ke7 62. Kg3 Kd7 63. Qe3 Kc8 64. Qd4 Kb7 65. Kf4 Qc1+ 66. Kg4 Qc2 67. Kf3 Qf5+ 68.
Ke2 Qc2+ 69. Ke1 Qc1+ 70. Ke2 Qc2+ 71. Qd2 Qe4+ 72. Kd1 Qxc4 73. Qb2 Qxd5+ 74. Kc1 Qc4 75. Kc2 d5 76. Qb3 Qe4+ 77. Kd2 d4 78. Ba1 Qg2+ 79. Kc1 Qf1+ 80. Qd1 Qc4+ 81. Qc2 Qf1+ 82. Qd1 Qf4+ 83. Qd2 Qxh4 84. Qxd4 Qe1+ 85. Qd1 Qe3+ 86. Qd2 Qb3 87. Qc2 Qd5 88. Kb2 b5 89. Qb3 Qd2+ 90. Ka3 Ka6 91. Qxa2 Qc1+ 92. Qb2 Qc4 93. Qb3 Qc1+ 94. Bb2 Qc5+ 95. Ka2 c6 96. Qe6 Qb4 97. Qb3 Qc5 98.
Qa3+ Qxa3+ 99. Kxa3 Kb6 100. Bc3 c5 101. Kb3 Kc6 102.
Bd2 Kd5 103. Be1 Kd4 104. Bd2 Kd3 105. Ba5 b4 106. Bxb4 c4+ 107. Kb2 c3+ 108. Bxc3 1/2-1/2

[Event "*** SCC Grand Prix: Titled Tuesday Blitz"]
[Site "Chess.com"]
[Date "2020.07.21"]
[Round "8"]
[White "SantoBlue"]
[Black "vladislavkovalev"]
[Result "1/2-1/2"]
[WhiteElo "2755"]
[BlackElo "2904"]
[TimeControl "180+1"]
[EndTime "11:39:45 PDT"]
[Termination "Game drawn - insufficient material"]

1. e4 e5 2. Nf3 Nc6 3. Bb5 a6 4. Ba4 Nf6 5. O-O Be7 6. Bxc6 dxc6 7. d3 Nd7 8. b3 c5 9. Bb2 f6 10. Nbd2 Nf8 11. Nh4 Ne6 12. Qh5+ Kd7 13. Qg4 g6 14. Nc4 Ke8 15. Qg3 Kf7 16. Nf3 Rf8 17. Rae1 Kg8 18. h3 b5 19. Ne3 c6 20. Nh2 Nf4 21. Qf3 h5 22. h4 Kh7 23. g3 Ne6 24. Qg2 Bd6 25. Kh1 Ra7 26. Rg1 Rg7 27. Ref1 Qc7 28. f3 Kg8 29. Qd2 Kh7 30. Rf2 Bd7 31. Kg2 f5 32.
Kf1 f4 33. gxf4 Nxf4 34. Rg3 Qd8 35. Rg5 Nh3 36. Rfg2 Nxg5 37. Rxg5 Qf6 38. Qf2 Rgf7 39. Ke2 Qe6 40. Qg3 Re8 41. Nf5 Bf8 42. Ne3 Bg7 43. Qg2 Ree7 44. Nhf1 Rf4 45. Qf2 Bf6 46. Ng2 Bxg5 47.
hxg5 Rf8 48. Qg3 Ref7 49. Nh4 Qh3 50. Qxh3 Bxh3 51. Ne3 Re7 52. a4 Bd7 53. Ba3 Re6 54. Bxc5 Rf4 55. Neg2 Rf7 56. a5 Re8 57. b4 Bc8 58.
Ke3 Kg7 59. Ke2 Re6 60. Bf2 Bd7 61. Ne1 Re8 62. c3 Ref8 63. Nc2 Rf4 64. Bg3 Rxh4 65. Bxh4 Bh3 66. Ne3 Kf7 67. Bg3 Ke6 68. d4 exd4 69.
cxd4 Rd8 70. Kd3 Rh8 71. Be5 Re8 72. f4 Rd8 73. Kc3 h4 74. Kd3 Kd7 75. Ke2 Ke6 76.
Kf3 Rg8 77. Bf6 Re8 78. Kf2 Rf8 79. Nc2 Rf7 80. Ne1 Rd7 81. Nd3 Rc7 82. Nc5+ Kf7 83.
Nxa6 Rc8 84. Nc5 Be6 85. a6 h3 86. Kg3 Rh8 87. Kh2 Ra8 88. Be5 Bc8 89. d5 cxd5 90. exd5 Bxa6 91. d6 Bc8 92. d7 Bxd7 93. Nxd7 Ra3 94.
Nc5 Rf3 95. Ne4 Ke6 96. Ng3 Rb3 97. Kxh3 Rxb4 98. Kg4 Rb1 99. Ne4 b4 100. Nc5+ Kd5 101. Nd7 Ke6 102. Nc5+ Kd5 103. Nd7 Ke6 104. Nb6 b3 105.
Na4 Rd1 106. Nc5+ Kd5 107. Nxb3 Ke4 108. Nc5+ Kd5 109. Nd7 Rg1+ 110. Kf3 Ke6 111. Nf6 Kf5 112. Ne4 Rf1+ 113. Kg2 Rxf4 114. Bxf4 Kxf4 115. Nf2 Kxg5 116. Nh3+ Kf5 117. Ng1 g5 118. Ne2 g4 119. Ng3+ Ke5 120. Nf1 g3 121. Nxg3 1/2-1/2